 Dungeon Crawl Stone Soup version 0.32-a0-747-gc8563f6773 (webtiles) character file.

Game seed: 15268972521474116228

357 whatisthis the Trooper (level 6, -10/57 HPs)
             Began as a Minotaur Monk on Mar 17, 2024.
             Was a Follower of Ru.
             Killed by divine providence
             ... invoked by an orc priest
              (13 damage)
             ... on level 5 of the Dungeon.
             The game lasted 00:07:06 (2494 turns).

whatisthis the Trooper (Minotaur Monk)              Turns: 2494, Time: 00:07:07

Health: -10/57     AC:  6    Str: 17    XL:     6   Next: 36%
Magic:  5/5        EV: 11    Int:  7    God:    Ru [*.....]
Gold:   237        SH:  5    Dex: 13    Spells: 5/5 levels left

rFire   . . .        a - +0 spear
rCold   . . .        d - orb {light}
rNeg    . . .        e - +3 leather armour
rPois   .            (helmet restricted)
rElec   .            (no cloak)
rCorr   .            (no gloves)
SInv    .            (no boots)
Will    .....        s - amulet of reflection
Stlth   +            (no ring)
HPRegen 0.29/turn    (no ring)
MPRegen 0.09/turn

%: reflection
@: glowing
A: horns 2, hated by all, retaliatory headbutt
a: Renounce Religion


You were on level 5 of the Dungeon.
You worshipped Ru.
Ru was aware of your devotion.
You visited 2 branches of the dungeon, and saw 6 of its levels.

You collected 237 gold pieces.

Inventory:

Hand Weapons
 a - a +0 spear (weapon)
 x - a +0 halberd
Armour
 d - an orb of light (worn)
 e - a +3 leather armour (worn)
 u - a +0 chain mail
Jewellery
 s - an amulet of reflection (around neck)
Wands
 q - a wand of warping (8)
Scrolls
 f - 3 scrolls of identify {unknown}
 j - 2 scrolls of poison {unknown}
 k - a scroll of blinking {unknown}
 l - 2 scrolls of revelation {unknown}
 n - a scroll of immolation {unknown}
 o - a scroll of butterflies {unknown}
 r - a scroll of teleportation {unknown}
Potions
 b - a potion of curing {unknown}
 c - a potion of ambrosia
 g - a potion of heal wounds {unknown}
 h - a potion of haste {unknown}
 i - 3 potions of brilliance {unknown}
 m - a potion of degeneration {unknown}
 p - 2 potions of berserk rage {unknown}
 t - a potion of lignification {unknown}
 v - a potion of enlightenment {unknown}


   Skills:
 + Level 5.9 Fighting
 + Level 5.7 Polearms
 + Level 4.2 Armour
 - Level 3.2 Dodging


You had 5 spell levels left.
You didn't know any spells.
Your spell library contained the following spells:

 Spells                   Type           Power      Damage    Failure   Level
 Volatile Blastmotes      Fire/Tloc      0%         2d10      86%         3
 Fulminant Prism          Conj/Alch      0%         3d5       99%         4
 Iskenderun's Mystic Bla  Conj/Tloc      0%         2d3       99%         4
 Passage of Golubria      Tloc           0%         N/A       99%         4
 Silence                  Hex/Air        0%         N/A       100%        5
 Lehudib's Crystal Spear  Conj/Erth      0%         10d2      100%        8


Dungeon Overview and Level Annotations

Branches:
Dungeon (5/15)             Temple (1/1) D:4

Altars:
Ashenzari
Cheibriados
Dithmenos
Gozag
Kikubaaqudgha
Nemelex Xobeh
Okawaru
Qazlal
Ru
Sif Muna
Trog
Uskayaw
Xom
Zin
The Shining One
Ignis


Innate Abilities, Weirdness & Mutations

You have a pair of horns on your head.
You are hated by all.
You reflexively headbutt those who attack you in melee.


Message History

Unknown command.
Reach: a) +0 spear
Press: ? - help, Dir - move target, f/p - orc priest
Aim: an orc priest, wielding a +0 mace and wearing a +0 chain mail (lightly wounded, haloed, about 13% to evade your +0 spear)
You hit the orc priest but do no damage.
You headbutt the orc priest.
The orc priest is heavily wounded.
The orc priest barely misses you.
An orc comes into view. It is wielding a +0 trident.
The orc shouts!
You hit the orc priest but do no damage.
You headbutt the orc priest, but do no damage.
The orc priest is heavily wounded.
The orc priest barely misses you.
You hit the orc priest but do no damage.
You headbutt the orc priest, but do no damage.
The orc priest is heavily wounded.
You hit the orc priest but do no damage.
The orc priest is heavily wounded.
The orc priest mumbles some strange prayers to Beogh against you.
Beogh smites you!
* * * LOW HITPOINT WARNING * * *
You hit the orc priest but do no damage.
You headbutt the orc priest, but do no damage.
The orc priest is heavily wounded.
The orc priest invokes the aid of Beogh against you.
Beogh smites you!
* * * LOW HITPOINT WARNING * * *
Okay, then.
Okay, then.
Throw: throwing net
Press: ? - help, Q - select action, (/) - cycle Shift-Dir - straight line, f/p - orc priest
Aim: an orc priest, wielding a +0 mace and wearing a +0 chain mail (heavily wounded, haloed, 85% to hit)
You throw a throwing net. The throwing net hits the orc priest.
The orc priest is caught in the net!
The orc priest is heavily wounded.
The orc priest invokes the aid of Beogh against you.
Beogh smites you!
You die...
Ru respects your ultimate sacrifice.

. ..o . . .. #. .#..
########## #. ##..
#......>.# #.. #...
#........# ...#..#
#........# #.###o..#
#........#
........#####.....(..#
.......oo@..'<.......#
####.########.........
# #.........
#####.#... .# .. # .


You could see an orc priest (caught) and 2 orcs.

Vanquished Creatures
  A black bear (D:4)
  2 bombardier beetles (D:4)
  2 hounds (D:4)
  An iguana (D:4)
  3 gnolls (D:4)
  3 adders
  2 ribbon worms
  2 orcs
  6 endoplasms
  3 giant cockroaches
  7 goblins
  5 hobgoblins
  2 jackals (D:1)
  2 quokkas
  8 ball pythons
  4 bats
  A frilled lizard (D:1)
  3 kobolds
  5 rats
62 creatures vanquished.

Notes
Turn   | Place    | Note
-------+----------+-------------------------------------------
     0 | D:1      | whatisthis the Minotaur Monk began the quest for the Orb.
     0 | D:1      | Reached XP level 1. HP: 19/19 MP: 0/0
   196 | D:1      | Reached skill level 1 in Armour
   196 | D:1      | Reached XP level 2. HP: 27/27 MP: 1/1
   948 | D:2      | Reached XP level 3. HP: 33/33 MP: 2/2
  1361 | D:3      | Found a hazy altar of Hepliaklqana.
  1393 | D:3      | Found a basalt altar of Yredelemnul.
  1724 | D:3      | Found a shimmering altar of Xom.
  1730 | D:3      | Found an opulent altar of Gozag.
  1732 | D:3      | Found a bloodstained altar of Trog.
  1816 | D:4      | Reached XP level 4. HP: 40/41 MP: 3/3
  1849 | D:4      | Reached skill level 5 in Fighting
  1849 | D:4      | Reached XP level 5. HP: 43/48 MP: 4/4
  1882 | D:4      | Found a staircase to the Ecumenical Temple.
  1906 | Temple   | Entered the Ecumenical Temple
  1917 | Temple   | Became a worshipper of Ru the Awakened
  1923 | Temple   | Gained mutation: You are hated by all. [Ru sacrifice]
  1923 | Temple   | Reached * piety under Ru
  2018 | D:4      | Reached skill level 5 in Polearms
  2198 | D:4      | Noticed a black bear
  2206 | D:4      | Killed a black bear
  2207 | D:4      | Reached XP level 6. HP: 57/57 MP: 5/5
  2469 | D:5      | Entered Level 5 of the Dungeon
  2493 | D:5      | HP: 2/57 [orc priest/divine providence (11)]
  2494 | D:5      | Killed from afar by an orc priest

Illustrated notes

Levels and vault maps discovered:
D:1:      dpeg_arrival_round_c, layout_basic
D:2:      layout_basic
D:3:      layout_basic, yredelemnul_altar_generic, amcnicky_altar_gilded,
          grunt_temple_overflow_open
D:4:      layout_rooms, minmay_temple_entry_mini_moons,
          kennysheep_generic_room_15
D:5:      layout_basic, vehumet_crystals, mainiacjoe_overflow_brackets,
          nicolae_titane
Temple:   ebering_untended_altars

Skill      XL: |  1  2  3  4  5 |
---------------+----------------+-----
Armour         | 1 2 3 4 |  4.2
Fighting       | 4 5 |  5.9
Polearms       | 4 5 |  5.7
Dodging        | |  3.2

Action                     |  1- 3 |  4- 6 || total
---------------------------+-------+-------++-------
  Melee: Spear             |    84 |    69 ||   153
         Headbutt          |    14 |    16 ||    30
  Throw: Throwing net      |       |     1 ||     1
 Invoke: Sacrifice Love    |       |     1 ||     1
  Evoke: Wand              |       |     3 ||     3
 Armour: Leather armour    |    47 |    29 ||    76
  Dodge: Dodged            |    46 |    26 ||    72

Table legend: (Time is in decaauts)
 A = Elapsed time spent in this place.
 B = Non-inter-level travel time spent in this place.
 C = Inter-level travel time spent in this place.
 D = Time resting spent in this place.
 E = Time spent auto-exploring this place.
 F = Levels seen in this place.
 G = Mean time per level.
                   A        B        C        D        E       F      G
               +--------+--------+--------+--------+--------+-----+--------+
         Total |   2473 |   2362 |    111 |    115 |   1639 |   6 |  412.2 |
       Dungeon |   2449 |   2347 |    102 |    115 |   1639 |   5 |  489.8 |
        Temple |     23 |     14 |      9 |      0 |      0 |   1 |   23.0 |
               +--------+--------+--------+--------+--------+-----+--------+

Top non-repeatable levels by time:
     D:1: 899 daAuts
     D:4: 627 daAuts
     D:3: 536 daAuts
     D:2: 364 daAuts
  Temple: 23 daAuts
     D:5: 23 daAuts
